Map: Turbo Cruise '84 LE

Players

HeroMarine - Winner!

  • Race: Terran Terran
  • League: Master
  • Spawn Location: 3:00

TYTY (TY)

  • Race: Terran Terran
  • League: Diamond
  • Spawn Location: 7:00

Event: HomeStory Cup XIX

VOD

Have the link to the VOD?

Description

Time

  • Played on: June 29, 2019, 9:26 a.m.
  • Length: 15:09

All games in this series

Show
View Real Time Build Order
Export as new Build Order

HeroMarine Terran - Winner!

Build Orders:  

Get SALT Encoding   

  12  0:00  SCV  
  13  0:12  SCV  
  14  0:17  Supply Depot  
  14  0:24  SCV  
  15  0:30  Refinery  
  15  0:39  SCV  
  16  0:44  Barracks  
  16  0:51  SCV  
  17  1:00  Refinery  
  17  1:03  SCV  
  18  1:15  SCV  
  19  1:32  Orbital Command  
  19  1:34  Factory  
  19  1:38  Reaper  
  20  1:48  Supply Depot  
  20  1:58  SCV  
  21  2:10  SCV, Reaper  
  23  2:18  Hellion  
  23  2:22  SCV  
  26  2:32  Command Center  
  27  2:41  Hellion  
  27  2:42  Reaper  
  29  2:45  Supply Depot  
  29  2:47  SCV  
  30  2:55  Starport  
  30  3:00  SCV  
  31  3:07  Factory Tech Lab  
  32  3:12  SCV  
  32  3:14  Barracks Tech Lab  
  32  3:25  SCV, Cyclone  
  36  3:30  Refinery  
  36  3:37  SCV  
  36  3:40  Raven  
  39  3:45  Orbital Command  
  39  3:47  Barracks Reactor  
  39  3:49  SCV  
  40  4:01  SCV, Cyclone  
  44  4:12  SCV  
  44  4:13  SCV  
  46  4:21  Command Center  
  46  4:26  Raven  
  46  4:29  SCV  
  46  4:30  SCV  
  50  4:32  Supply Depot  
  50  4:33  Marine  
  50  4:36  Marine  
  52  4:41  SCV  
  52  4:43  SCV  
  54  4:53  Siege Tank, SCV  
  54  4:54  Marine, Supply Depot  
  54  4:55  SCV  
  54  4:57  Marine  
  61  5:06  SCV  
  62  5:10  SCV  
  60  5:14  Raven  
  60  5:15  Marine x2  
  60  5:18  SCV, Supply Depot  
  60  5:20  Refinery  
  65  5:22  SCV  
  65  5:26  Siege Tank  
  69  5:30  SCV, Supply Depot  
  69  5:34  SCV  
  72  5:42  SCV  
  73  5:45  Orbital Command  
  73  5:46  SCV  
  73  5:54  Barracks, SCV  
  73  5:56  Barracks  
  74  5:58  Siege Tank, SCV  
  74  6:02  Orbital Command  
  77  6:06  Stimpack, SCV  
  78  6:11  Viking x2  
  78  6:13  SCV  
  78  6:15  Marine  
  85  6:18  SCV  
  84  6:25  SCV  
  84  6:30  SCV  
  82  6:33  Marine  
  82  6:35  Siege Tank  
  82  6:38  SCV  
  85  6:41  Viking x2  
  85  6:42  SCV  
  58  6:47  Orbital Command  
  90  6:50  SCV  
  90  6:51  Marine  
  88  6:54  SCV  
  86  7:02  SCV  
  86  7:07  SCV  
  87  7:08  Marine x2  
  87  7:11  Viking x2  
  87  7:14  SCV  
  87  7:19  SCV  
  87  7:21  SCV  
  89  7:26  SCV  
  89  7:27  Marine  
  89  7:28  Marine x2  
  93  7:37  SCV x2  
  93  7:38  SCV  
  93  7:41  Viking  
  80  7:45  Marine, Engineering Bay  
  80  7:46  Engineering Bay  
  80  7:49  SCV x2  
  80  7:50  SCV  
  77  7:56  Marine  
  76  8:01  SCV x2  
  76  8:02  SCV  
  76  8:05  Barracks Reactor  
  76  8:06  Siege Tank, Barracks Reactor  
  76  8:13  SCV x2  
  76  8:14  SCV  
  76  8:19  Marine  
  76  8:23  Medivac x2  
  76  8:25  SCV x2, Terran Infantry Weapons Level 1  
  76  8:26  SCV  
  82  8:28  Refinery  
  82  8:30  Refinery  
  82  8:32  Barracks x2  
  82  8:35  Terran Infantry Armor Level 1  
  82  8:37  Marine, SCV x2  
  85  8:41  Marine  
  85  8:42  Marine x3  
  85  8:47  Siege Tank  
  92  8:54  SCV  
  93  8:57  Supply Depot  
  93  8:59  Supply Depot x2  
  93  9:01  Combat Shield  
  93  9:08  Missile Turret  
  93  9:11  Missile Turret  
  93  9:18  Marine x2, Supply Depot  
  93  9:19  SCV x2, Supply Depot, Medivac x2  
  93  9:20  Marine x3  
  93  9:21  Barracks Reactor x2  
  104  9:32  Command Center  
  104  9:33  Armory  
  104  9:36  Siege Tank, Marine x2  
  104  9:38  Marine x3  
  112  9:49  Viking x2  
  116  9:54  Marine x2  
  116  9:56  Marine x3, Supply Depot  
  116  9:57  Supply Depot  
  116  9:58  Marine x2  
  116  9:59  Sensor Tower  
  123  10:00  Marine x2  
  125  10:12  Marine x2  
  125  10:13  Marine, Factory  
  125  10:14  Siege Tank, Marine  
  132  10:17  Marine x2  
  132  10:18  Viking x2, Marine x2  
  141  10:25  Terran Infantry Weapons Level 2  
  141  10:26  Terran Vehicle Weapons Level 1  
  141  10:30  Marine x2  
  141  10:32  Marine x2  
  141  10:35  Marine x2  
  144  10:36  Marine  
  144  10:37  Barracks Reactor, Terran Infantry Armor Level 2  
  144  10:40  Supply Depot  
  144  10:41  Supply Depot  
  147  10:45  Marine  
  147  10:47  Marine, SCV x3  
  147  10:48  Marine  
  153  10:50  Marine  
  153  10:55  Marine x2  
  154  10:59  Marine x2, SCV x3  
  154  11:01  Siege Tank  
  154  11:04  Viking x2  
  166  11:10  Planetary Fortress  
  166  11:12  SCV x3  
  166  11:17  Refinery  
  166  11:18  Marine  
  168  11:20  Refinery  
  168  11:24  Marine x3, SCV  
  168  11:25  Marine  
  174  11:26  Siege Tank  
  173  11:33  Marine x4  
  173  11:36  Siege Tank  
  180  11:40  Liberator x2  
  180  11:44  Marine  
  180  11:49  Marine x3  
  180  11:50  Marine  
  180  11:51  Marine x2  
  180  11:52  Marine  
  173  11:55  Marine  
  180  12:03  Supply Depot  
  180  12:07  Supply Depot  
  180  12:10  Starport x2  
  180  12:11  Barracks  
  180  12:14  Marine x2  
  180  12:15  Marine x2  
  180  12:16  Siege Tank, Marine  
  180  12:25  Siege Tank, Marine x5  
  182  12:32  Marine  
  182  12:35  Marine x2  
  183  12:41  Marine  
  183  12:43  Marine x2  
  181  12:44  Marine x2  
  181  12:45  Marine  
  181  12:47  Starport Tech Lab  
  181  12:48  Siege Tank, Starport Tech Lab  
  181  12:49  Marine  
  181  12:50  Marine  
  189  12:56  Marine x2  
  189  12:57  Siege Tank  
  194  12:59  Marine  
  194  13:04  Marine x2  
  185  13:06  Marine x2  
  185  13:07  Marine  
  185  13:08  Marine x2  
  188  13:14  Marine x2  
  188  13:15  Medivac x2  
  188  13:17  Marine, Corvid Reactor  
  193  13:20  Siege Tank  
  193  13:24  Marine  
  193  13:25  Marine  
  193  13:29  Siege Tank  
  193  13:31  Marine  
  196  13:50  Command Center  
  196  13:56  Marine  
  196  14:00  Viking, Marine  
  196  14:02  Marine x3  
  196  14:11  Marine  
  196  14:12  Viking x3, Marine x4  
  196  14:14  Marine  
  194  14:18  Siege Tank  
  194  14:23  Marine x2  
  196  14:25  Marine x2  
  196  14:27  Siege Tank  
  196  14:29  Marine x2  
  196  14:30  Viking, Marine x2  
  191  14:34  Marine  
  186  14:40  Marine  
  186  14:41  Marine x2  
  186  14:43  Marine  
  196  14:50  Armory  
Show
View Real Time Build Order
Export as new Build Order

TYTY Terran 

Build Orders: Gas First Reaper Expand 

Get SALT Encoding   

  12  0:00  SCV  
  13  0:12  SCV  
  14  0:17  Supply Depot  
  14  0:24  SCV  
  14  0:28  Refinery  
  15  0:39  SCV  
  16  0:45  Barracks  
  16  0:51  SCV  
  17  1:03  SCV  
  18  1:15  SCV  
  19  1:31  Reaper  
  19  1:32  Orbital Command  
  20  1:46  Command Center  
  20  1:57  Factory  
  20  2:01  SCV  
  20  2:05  Barracks Reactor  
  21  2:12  Supply Depot  
  21  2:14  SCV  
  22  2:21  Refinery  
  22  2:26  SCV  
  23  2:38  SCV  
  24  2:44  Starport  
  24  2:46  Hellion  
  24  2:47  Hellion  
  24  2:51  SCV  
  29  2:57  Orbital Command  
  29  3:00  Barracks Tech Lab  
  29  3:03  SCV  
  30  3:10  Hellion  
  32  3:16  Hellion  
  32  3:19  SCV  
  35  3:23  SCV  
  36  3:29  Raven  
  36  3:31  SCV  
  39  3:35  SCV  
  39  3:40  Marine x2  
  39  3:41  Supply Depot  
  42  3:43  Widow Mine  
  42  3:45  SCV  
  45  3:49  Refinery, SCV  
  46  3:55  Supply Depot  
  46  4:02  Marine x2, SCV x2  
  50  4:05  Factory Tech Lab  
  50  4:10  Supply Depot  
  50  4:14  SCV x2  
  50  4:15  Raven  
  54  4:20  Marine x2  
  56  4:26  SCV  
  56  4:30  Siege Tank  
  56  4:31  SCV  
  60  4:37  Marine x2, Supply Depot  
  62  4:38  SCV  
  62  4:43  SCV  
  64  4:51  SCV  
  65  4:55  Command Center  
  65  4:56  Marine  
  65  4:57  Raven  
  65  4:58  Marine  
  69  5:01  SCV  
  65  5:08  SCV  
  65  5:12  Siege Tank  
  67  5:15  Marine  
  67  5:16  SCV  
  67  5:20  SCV  
  67  5:21  Command Center, Supply Depot  
  70  5:25  Marine, Supply Depot  
  71  5:29  SCV  
  71  5:32  SCV  
  71  5:41  SCV  
  73  5:44  Siege Tank, SCV  
  73  5:49  Refinery  
  76  5:53  SCV  
  76  5:56  Viking, SCV  
  80  5:59  Barracks, Marine  
  80  6:00  Barracks  
  80  6:02  Stimpack  
  79  6:05  SCV  
  79  6:06  Supply Depot  
  79  6:08  SCV  
  81  6:12  Viking  
  81  6:17  SCV  
  81  6:18  Marine  
  85  6:20  Siege Tank  
  85  6:21  SCV  
  89  6:26  Viking  
  89  6:29  SCV  
  92  6:33  SCV  
  93  6:42  Viking, Marine  
  96  6:48  Orbital Command  
  96  6:50  SCV x2  
  96  6:52  Siege Tank  
  99  6:57  Viking  
  99  6:58  Marine x2  
  93  7:05  Marine  
  91  7:12  Viking  
  90  7:16  Marine  
  90  7:21  SCV x2  
  86  7:23  Marine x2  
  86  7:24  Siege Tank  
  86  7:27  Viking, SCV  
  88  7:33  SCV  
  88  7:34  Marine  
  86  7:40  SCV x2  
  86  7:41  Marine  
  86  7:42  Viking  
  73  7:45  Marine  
  73  7:48  SCV  
  66  7:52  Marine, SCV  
  66  7:56  Siege Tank  
  66  7:57  Viking, SCV  
  69  7:59  Marine  
  69  8:00  SCV  
  69  8:02  Marine  
  69  8:10  Marine  
  69  8:11  Engineering Bay  
  69  8:12  Engineering Bay  
  68  8:17  SCV x2  
  68  8:18  SCV  
  69  8:20  Marine  
  69  8:22  Viking  
  69  8:26  Barracks Reactor  
  71  8:28  Siege Tank, Barracks Reactor  
  71  8:29  SCV  
  71  8:30  SCV x2  
  77  8:39  Terran Infantry Weapons Level 1  
  77  8:41  Refinery, Terran Infantry Armor Level 1  
  77  8:42  Marine, SCV  
  77  8:44  SCV x2  
  81  8:54  Combat Shield, Refinery, SCV  
  82  8:56  SCV  
  82  8:58  SCV  
  82  8:59  Barracks, Marine  
  82  9:00  Barracks  
  85  9:04  Marine x3  
  85  9:07  Marine  
  85  9:09  SCV x2  
  91  9:12  Siege Tank, Supply Depot  
  95  9:17  Marine  
  95  9:21  SCV x2  
  95  9:22  Marine  
  95  9:23  Medivac  
  100  9:24  Armory  
  100  9:27  Marine x2, Medivac  
  100  9:28  Marine  
  100  9:29  SCV  
  106  9:33  SCV  
  106  9:35  SCV  
  106  9:37  Sensor Tower  
  107  9:41  SCV  
  107  9:43  Marine x2  
  110  9:47  Siege Tank  
  110  9:49  Barracks Reactor x2  
  114  9:54  Medivac  
  114  9:57  Marine x3  
  114  9:59  Command Center  
  117  10:03  Medivac  
  117  10:06  Marine x2  
  121  10:13  SCV  
  124  10:18  Terran Vehicle Weapons Level 1  
  124  10:20  Command Center  
  124  10:22  Marine  
  124  10:24  Marine x2  
  124  10:26  Supply Depot  
  125  10:33  Marine x2  
  125  10:44  Marine  
  125  10:47  Marine x6  
  125  10:48  Supply Depot x2  
  131  10:50  Factory  
  131  10:51  Viking  
  133  10:58  SCV  
  133  11:02  Terran Infantry Weapons Level 2  
  133  11:06  Terran Infantry Armor Level 2  
  133  11:09  Viking  
  133  11:10  Siege Tank, SCV x3  
  141  11:16  Marine  
  141  11:17  Marine x6  
  147  11:21  Marine x2  
  147  11:22  SCV  
  149  11:26  Viking  
  149  11:27  SCV  
  149  11:32  SCV  
  152  11:34  Marine  
  153  11:42  Marine x8  
  161  11:52  Siege Tank, Marine  
  150  11:54  Factory Tech Lab  
  150  11:59  Viking  
  150  12:00  Marine x2  
  150  12:01  Planetary Fortress  
  145  12:02  Viking  
  147  12:14  Siege Tank  
  150  12:17  Marine x5  
  150  12:18  Marine  
  150  12:19  Marine  
  141  12:26  Terran Vehicle Weapons Level 2  
  141  12:30  Siege Tank  
  141  12:31  Viking  
  141  12:32  Viking  
  140  12:47  SCV x2  
  142  12:51  Siege Tank, Marine x2  
  142  12:52  Marine x7  
  142  12:57  Planetary Fortress  
  150  13:09  Marine x2  
  158  13:12  Siege Tank  
  158  13:18  Viking x2  
  158  13:20  SCV  
  158  13:25  Starport  
  152  13:37  SCV x2  
  152  13:38  SCV  
  152  13:40  Siege Tank  
  157  13:44  Siege Tank  
  160  13:48  Viking  
  160  13:52  SCV x2  
  163  14:03  Liberator  
  163  14:07  Supply Depot  
  163  14:09  Viking  
  165  14:12  Siege Tank, Barracks Reactor  
  165  14:17  Siege Tank  
  147  14:19  Viking  
  139  14:32  Marine x3  
  139  14:33  Marine x2  
  146  14:47  Marine  
  146  14:50  Command Center  
Tags
 
Add a new tag
Caveats
  • Supply blocks, unpowered buildings, or Contaminate may cause inaccurate times.
  • Supply counts are checked every 10 seconds.